 Dungeon Crawl Stone Soup version 0.24-a0-536-gdd4cf15 (webtiles) character file.

Game seed: 2287347088716234177

3309 Faca the Grappler (level 9, -13/88 HPs)
             Began as a Troll Hunter on Aug 12, 2019.
             Was a Follower of Makhleb.
             Mangled by an elephant (16 damage)
             ... on level 8 of the Dungeon.
             The game lasted 00:20:55 (6838 turns).

Faca the Grappler (Troll Hunter)                    Turns: 6838, Time: 00:20:56

Health: -13/88     AC:  8    Str: 25    XL:     9   Next: 70%
Magic:  10/10      EV:  8    Int:  7    God:    Makhleb [*.....]
Gold:   503        SH: 13    Dex: 10    Spells: 8/8 levels left

rFire    + . .     SeeInvis .     - Unarmed
rCold    . . .     Gourm    +   A - +3 shield
rNeg     . . .     Faith    +   b - +0 robe
rPois    +         Spirit   .   I - +1 hat
rElec    .         Reflect  .   r - +0 cloak
rCorr    .         Harm     .   (gloves unavailable)
MR       .....                  (boots unavailable)
Stlth    +.........             n - amulet of faith
HPRegen  0.64/turn              p - ring of protection from fire
MPRegen  0.12/turn              i - ring of poison resistance

@: no status effects
A: large, unfitting armour, claws 3, fast metabolism 3, gourmand, regeneration
1, shaggy fur 1, tough skin 3
a: Renounce Religion


You were on level 8 of the Dungeon.
You worshipped Makhleb.
Makhleb was aware of your devotion.
You were very full.

You visited 2 branches of the dungeon, and saw 9 of its levels.

You collected 503 gold pieces.

Inventory:

Missiles
 c - 8 large rocks
 d - 2 throwing nets
 e - 301 stones
 o - 5 curare-tipped darts
 q - 18 poisoned darts (quivered)
Armour
 b - a +0 robe (worn)
 r - a +0 cloak (worn)
 A - a +3 shield (worn)
 I - a +1 hat (worn)
Jewellery
 i - a ring of poison resistance (right claw)
 n - an amulet of faith (around neck)
 p - a ring of protection from fire (left claw)
Wands
 t - a wand of scattershot (6)
 w - a wand of iceblast (15)
 y - a wand of polymorph (18)
 D - a wand of clouds (4)
 G - a wand of disintegration (19)
Scrolls
 a - 4 scrolls of remove curse
 g - a scroll of fear
 h - a scroll of enchant armour
 j - 8 scrolls of identify
 l - a scroll of magic mapping
 m - 4 scrolls of teleportation
 s - a scroll of fog
 x - a scroll of blinking
 J - a scroll of enchant weapon
Potions
 k - 3 potions of cancellation
 u - 3 potions of curing
 v - a potion of lignification
 z - a potion of resistance
 B - a potion of ambrosia {unknown}
 C - 4 potions of might
 E - a potion of agility {unknown}
 F - a potion of heal wounds {unknown}
Comestibles
 f - 17 rations
 H - 4 chunks of flesh


   Skills:
 - Level 5.1 Fighting
 - Level 6.0 Throwing
 - Level 1.5 Dodging
 - Level 0.3 Stealth
 + Level 5.0 Shields
 + Level 8.6 Unarmed Combat
 + Level 3.1 Invocations


You had 8 spell levels left.
You didn't know any spells.
Your spell library contained the following spells:

 Spells                   Type           Power        Failure   Level  Hunger
 Magic Dart               Conj           #...         71%         1    ##.....
 Blink                    Tloc           N/A          85%         2    ###....
 Call Imp                 Summ           #.......     85%         2    ###....
 Slow                     Hex            #.......     85%         2    ###....
 Conjure Flame            Conj/Fire      #.......     97%         3    ####...
 Mephitic Cloud           Conj/Pois/Air  #.......     97%         3    ####...


Dungeon Overview and Level Annotations

Branches:
Dungeon (8/15)             Temple (1/1) D:5
   Lair: D:8-11

Altars:
Ashenzari
Cheibriados
Dithmenos
Elyvilon
Fedhas
Gozag
Hepliaklqana
Kikubaaqudgha
Makhleb
Nemelex Xobeh
Okawaru
Qazlal
Ru
Sif Muna
Trog
Uskayaw
Vehumet
Wu Jian
Xom
Yredelemnul
Zin
The Shining One

Shops:
D:4 }   D:7 (


Innate Abilities, Weirdness & Mutations

You are too large for most types of armour.
You have claws for hands.
Your metabolism is lightning-fast.
You like to eat raw meat.
Your natural rate of healing is unusually fast.
You are covered in fur. (AC +1)
You have extremely tough skin. (AC +3)


Message History

* * * LOW HITPOINT WARNING * * *
You stumble backwards!
You claw the elephant!
The elephant is almost dead.
The elephant tramples you but does no damage.
The elephant trunk-slaps you but does no damage.
You scratch the elephant but do no damage.
The elephant is almost dead.
The elephant tramples you!
* * * LOW HITPOINT WARNING * * *
You hold your ground!
The elephant closely misses you.
You scratch the elephant.
The elephant is almost dead.
The elephant tramples you.
* * * LOW HITPOINT WARNING * * *
You stumble backwards!
You scratch the elephant.
The elephant is almost dead.
The elephant tramples you!
You die...

#######.....#...#
##....###+####..#####
#>....##....##..##..##
#....................#
#....................# ####
######..###...######..####
#...##.####..############.....#
+......<.....................##
#...............@Y...÷....†..#
##..##...###..##.....##.....##
#####...###..#########.....##
##............# .##......#
..............+ ..........#
........[)....# <.........#
##..###..###+## .Y..###....##
##..####'## "... #....#
##..((....# ... #......


You could see an elephant.

Vanquished Creatures
  Sigmund (D:3)
  A steam dragon (D:7)
  A basilisk (D:8)
  Eustachio (D:6)
  Menkaure (D:6)
  A water moccasin (D:8)
  Duvessa (D:6)
  An orc warrior (D:8)
  5 phantoms
  3 ogres
  3 centaurs
  A crocodile (D:8)
  3 bullfrogs
  Dowan (D:6)
  A scorpion (D:6)
  4 howler monkeys
  3 crimson imps
  An orc priest (D:5)
  A hound (D:4)
  3 orc wizards
  Crazy Yiuf (D:2)
  A bullfrog skeleton (D:4)
  Ijyb (D:5)
  Terence (D:3)
  7 worker ants
  A killer bee zombie (D:6)
  A worker ant zombie (D:7)
  Robin (D:2)
  3 gnolls (D:4)
  14 adders
  A shadow imp (D:3)
  An ooze (D:6)
  An adder zombie (D:6)
  3 worms
  2 dart slugs (D:2)
  A leopard gecko (D:3)
  18 orcs
  4 bats
  3 giant cockroaches
  15 goblins
  10 hobgoblins
  13 jackals
  3 quokkas (D:7)
  A ball python (D:5)
  12 frilled lizards
  5 kobolds
  2 quokka skeletons
  13 rats
176 creatures vanquished.

Notes
Turn   | Place    | Note
-------+----------+-------------------------------------------
     0 | D:1      | Faca the Troll Hunter began the quest for the Orb.
     0 | D:1      | Reached XP level 1. HP: 19/19 MP: 0/0
   286 | D:1      | Reached skill level 1 in Unarmed Combat
   320 | D:1      | Reached XP level 2. HP: 28/28 MP: 1/1
  1060 | D:2      | Reached XP level 3. HP: 35/35 MP: 2/2
  1096 | D:2      | Reached skill level 2 in Unarmed Combat
  1146 | D:2      | Noticed Robin
  1154 | D:2      | Killed Robin
  1162 | D:2      | Reached XP level 4. HP: 40/44 MP: 3/3
  1359 | D:2      | Found a runed translucent door.
  1402 | D:2      | Noticed Crazy Yiuf
  1424 | D:2      | Killed Crazy Yiuf
  1523 | D:2      | Found an ornate altar of the Wu Jian Council.
  1526 | D:2      | Found a shimmering altar of Xom.
  1530 | D:2      | Found a shimmering blue altar of Sif Muna.
  1530 | D:2      | Found a basalt altar of Yredelemnul.
  1530 | D:2      | Found a glowing golden altar of the Shining One.
  1530 | D:2      | Found a white marble altar of Elyvilon.
  1532 | D:2      | Found a blossoming altar of Fedhas.
  1604 | D:2      | Reached skill level 3 in Unarmed Combat
  2055 | D:3      | Reached XP level 5. HP: 50/53 MP: 4/4
  2277 | D:3      | Noticed Sigmund
  2433 | D:3      | Killed Sigmund
  2433 | D:3      | Reached skill level 4 in Unarmed Combat
  2433 | D:3      | Reached XP level 6. HP: 42/62 MP: 5/5
  2635 | D:3      | Noticed Terence
  2649 | D:3      | Killed Terence
  3202 | D:4      | Reached skill level 5 in Unarmed Combat
  3209 | D:4      | Reached XP level 7. HP: 57/71 MP: 6/6
  3385 | D:4      | Reached skill level 5 in Fighting
  3554 | D:4      | Found Wierran's Gadget Shoppe.
  3927 | D:5      | Entered Level 5 of the Dungeon
  3959 | D:5      | Noticed Ijyb
  3970 | D:5      | Killed Ijyb
  3970 | D:5      | Reached skill level 6 in Unarmed Combat
  3998 | D:5      | Reached skill level 1 in Shields
  4084 | D:5      | Found a staircase to the Ecumenical Temple.
  4090 | Temple   | Entered the Ecumenical Temple
  4173 | Temple   | Became a worshipper of Makhleb the Destroyer
  4321 | D:5      | Reached XP level 8. HP: 80/80 MP: 7/7
  4722 | D:5      | You fall into a shaft and drop 2 floors!
  4914 | D:7      | Reached * piety under Makhleb
  4974 | D:6      | Reached skill level 5 in Throwing
  5219 | D:6      | Noticed Menkaure
  5230 | D:6      | Killed Menkaure
  5230 | D:6      | Reached skill level 7 in Unarmed Combat
  5402 | D:6      | Noticed Eustachio
  5429 | D:6      | Killed Eustachio
  5644 | D:6      | Found a sparkling altar of Nemelex Xobeh.
  5763 | D:6      | Reached XP level 9. HP: 88/88 MP: 8/8
  5819 | D:6      | Noticed Duvessa
  5827 | D:6      | Killed Duvessa
  5830 | D:6      | Noticed Dowan
  5840 | D:6      | Killed Dowan
  6080 | D:7      | Found Ziamoxzuruo's Weapon Shop.
  6111 | D:7      | Reached skill level 1 in Invocations
  6134 | D:7      | Reached skill level 8 in Unarmed Combat
  6755 | D:8      | Noticed an elephant
  6787 | D:8      | Reached skill level 5 in Shields
  6837 | D:8      | HP: 3/88 [elephant (6)]
  6838 | D:8      | Mangled by an elephant

Levels and vault maps discovered:
D:1:      dpeg_arrival_rhombi, layout_loops_corners
D:2:      layout_basic, minitemple, uniq_robin, uniq_crazy_yiuf_cottage
D:3:      minmay_general_purpose_star, layout_basic, uniq_terence, uniq_sigmund
D:4:      layout_loops_ring, first_ration, serial_shops, nicolae_shop_trees,
          grunt_ministairs_10
D:5:      layout_loops_ring, minmay_temple_entry_enclosed_plants, uniq_ijyb
D:6:      layout_basic, hangedman_abyss_or_decor_passed,
          nemelex_dance_club_becter, uniq_menkaure, uniq_eustachio, uniq_duvessa
D:7:      layout_loops_corners, serial_shops, shop
D:8:      layout_gridville, david_lair_generic
Temple:   regret_index_temple_waves

Skill      XL: |  1  2  3  4  5  6  7  8  9 |
---------------+----------------------------+-----
Unarmed Combat | 1 2 3 4 5 6 7 8 |  8.6
Fighting       | 2 3 4 5 |  5.1
Throwing       | 4 5 6 |  6.0
Shields        | 1 3 5 |  5.0
Invocations    | 3 |  3.1
Dodging        | |  1.5
Stealth        | |  0.3

Action                   |  1- 3 |  4- 6 |  7- 9 || total
-------------------------+-------+-------+-------++-------
Melee: Unarmed           |   122 |   133 |   345 ||   600
       Punch             |     1 |     2 |     3 ||     6
Throw: Stone             |     5 |       |       ||     5
       Dart              |       |    10 |       ||    10
  Use: Scroll            |       |       |    14 ||    14
 Stab: Sleeping          |     1 |     2 |     2 ||     5
  Eat: Chunk             |    16 |    18 |    34 ||    68
Armor: Robe              |    42 |    46 |   114 ||   202
Dodge: Dodged            |    52 |    69 |   130 ||   251
Block: Shield            |       |       |   161 ||   161

Table legend:
 A = Non-vault XP
 B = Vault XP
 C = Vault XP percentage of total XP
 D = Non-vault monster count
 E = Vault monster count
 F = Vault count percentage of total count
                 A         B        C        D         E       F
            +---------+---------+-------+---------+---------+-------
      Total |    3265 |    1463 |  30.9 |     147 |      29 |  16.5
            +---------+---------+-------+---------+---------+-------
        D:1 |      27 |       0 |   0.0 |      18 |       0 |   0.0
        D:2 |      73 |      77 |  51.3 |      26 |      14 |  35.0
        D:3 |     274 |     259 |  48.6 |      22 |       4 |  15.4
        D:4 |     387 |      88 |  18.5 |      25 |       2 |   7.4
        D:5 |     314 |      36 |  10.3 |      20 |       1 |   4.8
        D:6 |     364 |     711 |  66.1 |       6 |       6 |  50.0
        D:7 |    1093 |       0 |   0.0 |      17 |       0 |   0.0
        D:8 |     733 |     292 |  28.5 |      13 |       2 |  13.3
            +---------+---------+-------+---------+---------+-------
